Map: Ulrena

Players

ByRada

  • Race: Zerg Zerg
  • League: Grandmaster

Kelazhur - Winner!

  • Race: Terran Terran
  • League: Grandmaster

Event: Copa America 2016 Season 1

VOD

Have the link to the VOD?

Description

Time

  • Played on: Feb. 16, 2016, 4:59 p.m.
  • Length: 7:59

All games in this series

Show
View Real Time Build Order
Export as new Build Order

ByRada Zerg 

Build Orders: Hatch First 

Get SALT Encoding   

  12  0:03  Drone  
  13  0:09  Drone  
  14  0:17  Overlord  
  14  0:24  Extractor  
  14  0:25  Drone  
  15  0:36  Drone x2  
  17  0:53  Hatchery  
  17  0:56  Drone  
  17  1:07  Extractor  
  16  1:12  Spawning Pool  
  16  1:15  Drone  
  16  1:18  Drone  
  17  1:22  Drone  
  18  1:29  Drone  
  19  1:39  Overlord  
  19  1:59  Queen  
  19  2:00  Zergling x2  
  22  2:02  Zergling x2  
  22  2:05  Queen  
  25  2:09  Metabolic Boost  
  25  2:11  Drone  
  25  2:13  Drone  
  27  2:28  Overlord  
  27  2:34  Extractor  
  27  2:35  Drone  
  26  2:48  Overlord  
  26  2:50  Pneumatized Carapace  
  27  3:02  Overlord x2  
  27  3:10  Zergling x10  
  27  3:11  Zergling x2  
  33  3:14  Evolution Chamber  
  32  3:22  Queen  
  35  3:41  Zergling x6  
  35  3:42  Zergling x6  
  40  3:55  Queen  
  42  4:11  Queen  
  44  4:25  Zergling x2  
  44  4:26  Zergling x14  
  52  4:37  Zergling x8  
  53  5:02  Drone x2  
  53  5:03  Drone x3  
  55  5:09  Drone x2  
  55  5:10  Drone x2  
  58  5:15  Spine Crawler  
  56  5:25  Drone x2  
  58  5:29  Roach Warren  
  53  5:45  Drone x4  
  53  5:46  Lair  
  53  5:49  Extractor  
  54  5:50  Extractor  
  54  5:55  Overlord  
  53  5:57  Spine Crawler  
  53  5:59  Drone x3, Spore Crawler  
  52  6:22  Roach x5  
  52  6:23  Roach x2  
  66  6:33  Drone x2  
  66  6:35  Extractor  
  66  6:36  Overlord  
  64  6:45  Overlord  
  64  6:46  Overlord  
  59  7:03  Overlord x2  
  58  7:10  Roach  
  58  7:11  Roach x3  
  50  7:38  Roach  
  50  7:39  Roach x5  
Show
View Real Time Build Order
Export as new Build Order

Kelazhur Terran - Winner!

Build Orders: Reaper Expand 

Get SALT Encoding   

  12  0:01  SCV  
  13  0:13  SCV  
  14  0:17  Supply Depot  
  14  0:25  SCV  
  15  0:39  SCV  
  15  0:40  Barracks  
  16  0:44  Refinery  
  16  0:51  SCV  
  17  1:03  SCV  
  18  1:15  SCV  
  19  1:27  Reaper, Orbital Command  
  20  1:42  Command Center  
  20  1:52  Supply Depot  
  20  1:53  SCV  
  21  2:00  Barracks Reactor  
  21  2:05  SCV  
  22  2:17  SCV  
  23  2:25  Factory  
  23  2:29  SCV  
  24  2:37  Marine x2  
  26  2:45  SCV  
  26  2:50  Command Center  
  27  2:55  Orbital Command  
  27  2:58  Marine x2  
  27  3:02  Bunker  
  27  3:05  SCV  
  30  3:20  Hellion x2  
  30  3:22  SCV  
  30  3:23  SCV  
  30  3:26  Marine  
  37  3:34  Armory  
  37  3:35  SCV x2  
  39  3:42  Hellion x2  
  39  3:45  Supply Depot  
  39  3:47  Marine  
  44  3:49  SCV  
  44  3:50  SCV  
  46  4:05  Hellion x2, Orbital Command  
  46  4:07  SCV x2  
  52  4:16  Marine  
  53  4:19  SCV x2  
  53  4:20  Supply Depot, Starport  
  55  4:31  SCV x2  
  55  4:36  SCV  
  58  4:43  Supply Depot  
  58  4:44  Supply Depot  
  58  4:46  Supply Depot  
  58  4:53  Hellion x2  
  58  4:54  Marine  
  56  5:00  SCV  
  54  5:08  SCV  
  54  5:13  SCV  
  54  5:14  Medivac, SCV  
  57  5:15  Hellion x2  
  63  5:22  SCV  
  63  5:25  SCV  
  61  5:36  SCV, Hellion x2  
  61  5:40  SCV  
  61  5:51  Viking, SCV  
  61  5:54  Marine  
  61  5:56  Hellion x10  
  65  5:57  Hellion x2  
  65  5:59  SCV  
  65  6:02  SCV  
  71  6:05  Refinery  
  71  6:06  Refinery, SCV  
  71  6:08  Refinery  
  72  6:11  SCV  
  72  6:14  SCV  
  72  6:18  SCV  
  75  6:23  SCV  
  76  6:26  SCV  
  76  6:29  Hellion x2  
  76  6:30  SCV  
  82  6:35  SCV  
  82  6:38  SCV  
  84  6:42  SCV  
  84  6:45  Medivac  
  84  6:46  Barracks Tech Lab  
  85  6:48  Barracks  
  85  6:49  Barracks, SCV  
  85  6:50  Hellion x2  
  85  6:52  Barracks  
  85  6:53  Barracks, SCV  
  91  6:59  Supply Depot, SCV  
  92  7:02  SCV  
  92  7:05  SCV  
  92  7:06  Engineering Bay  
  94  7:11  SCV, Marine  
  94  7:14  SCV  
  93  7:22  SCV  
  90  7:28  SCV  
  90  7:29  Hellion x2, Marine  
  92  7:33  SCV  
  87  7:40  SCV  
  86  7:44  SCV  
Tags
 
Add a new tag
Caveats
  • Supply blocks, unpowered buildings, or Contaminate may cause inaccurate times.
  • Supply counts are checked every 10 seconds.